Map: [ESL] Goldenaura

Players

Gerald - Winner!

  • Race: Protoss Protoss
  • Spawn Location: 5:00

YoungYakov

  • Race: Zerg Zerg
  • Spawn Location: 12:00

Event: ESL SC2 Masters 2023 Winter (Regional)

VOD

Have the link to the VOD?

Description

Time

  • Played on: Nov. 2, 2023, 10:20 a.m.
  • Length: 15:27

All games in this series

Show
View Real Time Build Order
Export as new Build Order

Gerald Protoss - Winner!

Build Orders: 1 Gate Expand, Zealot Archon, Archon Drop, Dark Templar Rush 

Get SALT Encoding   

  12  0:00  Probe  
  13  0:12  Probe  
  14  0:18  Pylon  
  14  0:24  Probe (Chrono Boost)  
  15  0:36  Probe (Chrono Boost)  
  15  0:39  Gateway  
  16  0:45  Probe (Chrono Boost)  
  16  0:48  Assimilator  
  17  0:50  Probe  
  18  1:03  Probe  
  19  1:15  Probe  
  20  1:24  Nexus  
  20  1:32  Probe  
  21  1:37  Cybernetics Core  
  21  1:44  Probe  
  21  1:45  Assimilator  
  22  1:53  Pylon  
  22  1:56  Probe  
  23  2:11  Adept (Chrono Boost), Probe  
  26  2:19  Twilight Council  
  26  2:23  Probe  
  27  2:30  Warp Gate  
  27  2:31  Adept (Chrono Boost)  
  27  2:35  Probe  
  30  2:37  Probe  
  31  2:47  Probe  
  31  2:49  Probe  
  33  2:51  Robotics Facility  
  33  2:55  Stalker (Chrono Boost)  
  35  2:59  Probe  
  35  3:02  Probe  
  37  3:10  Gateway  
  37  3:13  Probe  
  37  3:15  Probe  
  39  3:24  Dark Shrine  
  39  3:25  Probe  
  39  3:27  Probe  
  41  3:35  Warp Prism (Chrono Boost)  
  43  3:42  Probe  
  43  3:43  Pylon  
  44  3:50  Gateway  
  44  3:51  Assimilator  
  44  3:54  Assimilator, Probe  
  45  3:58  Probe  
  46  4:09  Probe  
  47  4:11  Pylon, Probe  
  48  4:18  Adept  
  48  4:19  Adept  
  48  4:20  Pylon  
  48  4:21  Probe  
  53  4:34  Nexus  
  53  4:35  Pylon  
  53  4:38  Probe x2  
  55  4:56  Dark Templar x3  
  55  4:58  Probe  
  55  4:59  Probe  
  63  5:10  Probe  
  63  5:11  Robotics Bay, Probe  
  63  5:13  Immortal (Chrono Boost)  
  65  5:18  Gateway  
  69  5:22  Archon  
  69  5:23  Shield Battery  
  69  5:28  Probe, Pylon  
  70  5:32  Dark Templar  
  72  5:36  Probe  
  72  5:38  Archon  
  72  5:41  Pylon  
  73  5:43  Immortal (Chrono Boost)  
  73  5:46  Sentry x2  
  73  5:47  Probe  
  82  5:53  Blink (Chrono Boost)  
  82  6:00  Probe  
  82  6:02  Probe  
  82  6:12  Disruptor (Chrono Boost), Probe  
  82  6:13  Probe  
  82  6:17  Probe  
  89  6:24  Probe  
  89  6:25  Probe  
  91  6:29  Gateway, Probe  
  91  6:30  Forge  
  91  6:31  Assimilator  
  92  6:34  Assimilator  
  92  6:36  Gateway, Probe  
  92  6:37  Probe  
  92  6:38  Disruptor (Chrono Boost), Gateway  
  94  6:45  Gateway  
  98  6:48  Probe  
  98  6:50  Pylon  
  98  6:52  Stalker  
  101  6:55  Pylon x2  
  101  7:07  Warp Prism (Chrono Boost)  
  101  7:08  Pylon, Protoss Ground Weapons Level 1, Probe  
  104  7:09  Pylon  
  104  7:14  Stalker x3  
  110  7:17  Probe  
  110  7:21  Probe  
  113  7:22  Probe  
  114  7:30  Stalker x2  
  114  7:32  Photon Cannon  
  114  7:35  Photon Cannon  
  111  7:39  Photon Cannon  
  111  7:42  Pylon  
  109  7:46  Dark Templar x3  
  115  7:51  Stalker  
  117  7:58  Dark Templar  
  117  7:59  Dark Templar x2  
  117  8:00  Probe  
  124  8:06  Probe  
  125  8:15  Probe  
  126  8:24  Disruptor  
  126  8:25  Probe  
  126  8:26  Nexus  
  131  8:28  Gateway  
  131  8:29  Gateway, Archon  
  131  8:31  Pylon  
  131  8:35  Stalker x3, Pylon  
  137  8:42  Gravitic Drive (Chrono Boost)  
  137  8:43  Probe  
  137  8:44  Shield Battery, Probe  
  137  8:46  Probe  
  140  8:48  Photon Cannon  
  140  8:53  Photon Cannon  
  140  8:56  Shield Battery  
  140  8:58  Disruptor (Chrono Boost)  
  144  9:04  Protoss Ground Weapons Level 2 (Chrono Boost)  
  144  9:07  Stalker x3  
  140  9:11  Probe  
  141  9:17  Archon  
  141  9:20  Archon  
  141  9:22  Dark Templar x4  
  149  9:35  Dark Templar x3  
  149  9:38  Stalker  
  157  9:40  Zealot x2  
  154  9:53  Probe  
  154  9:54  Probe  
  145  10:10  Probe x2  
  145  10:11  Probe  
  148  10:16  Photon Cannon  
  148  10:17  Probe  
  148  10:18  Gateway  
  148  10:19  Archon  
  148  10:20  Gateway  
  148  10:21  Photon Cannon  
  149  10:22  Dark Templar, Photon Cannon  
  149  10:24  Disruptor (Chrono Boost)  
  149  10:26  Gateway  
  155  10:33  Photon Cannon  
  155  10:35  Photon Cannon  
  155  10:36  Archon  
  155  10:37  Stalker x3  
  155  10:40  Photon Cannon, Assimilator  
  161  10:45  Probe  
  161  10:47  Templar Archives  
  162  10:52  Gateway  
  162  10:54  Gateway  
  162  10:57  Assimilator  
  162  10:59  Pylon  
  162  11:00  Pylon  
  162  11:01  Stalker x3  
  165  11:18  Stalker x3  
  165  11:21  Photon Cannon  
  165  11:22  Photon Cannon  
  165  11:23  Observer  
  165  11:24  Stalker x3  
  178  11:42  Stalker x4  
  178  11:43  Stalker x2  
  186  11:56  Stalker x5  
  196  12:04  Stargate  
  196  12:06  Stargate  
  196  12:27  Stalker x2  
  188  12:30  Stalker x4  
  188  12:33  Probe x2  
  187  12:40  Probe  
  179  12:49  Probe  
  179  12:50  Phoenix x2  
  180  12:54  Fleet Beacon  
  180  12:57  Zealot x4  
  188  13:02  Dark Templar x2  
  192  13:09  Dark Templar x2  
  191  13:23  Probe, Stalker x3  
  191  13:24  Probe x3  
  195  13:32  Phoenix (Chrono Boost)  
  191  13:40  Phoenix (Chrono Boost)  
  193  13:43  Archon  
  193  13:44  Dark Templar  
  195  13:52  Phoenix (Chrono Boost)  
  187  13:56  Phoenix (Chrono Boost)  
  187  14:00  Zealot  
  175  14:08  Zealot  
  175  14:09  Probe  
  177  14:16  Anion Pulse-Crystals (Chrono Boost), Phoenix  
  165  14:18  Probe  
  165  14:20  Phoenix  
  152  14:29  Probe  
  145  14:31  Probe  
  145  14:36  Probe x2  
  145  14:37  Pylon  
  148  14:41  Probe, Phoenix  
  148  14:43  Probe  
  152  14:45  Phoenix  
  152  14:48  Probe x2  
  152  14:53  Probe  
  152  14:57  Assimilator  
  154  15:00  Photon Cannon  
  154  15:02  High Templar x4  
  154  15:04  High Templar x2  
  154  15:06  High Templar  
  167  15:07  High Templar  
  167  15:08  Archon  
  167  15:09  Archon x2  
  167  15:11  Archon  
Show
View Real Time Build Order
Export as new Build Order

YoungYakov Zerg 

Build Orders: Hatch First 

Get SALT Encoding   

  12  0:00  Drone  
  13  0:13  Overlord  
  13  0:18  Drone  
  14  0:31  Drone x2  
  16  0:49  Hatchery  
  15  0:52  Drone  
  15  0:56  Drone  
  17  0:59  Drone  
  18  1:10  Extractor  
  17  1:14  Spawning Pool  
  17  1:18  Drone  
  17  1:21  Drone  
  18  1:28  Drone  
  19  1:40  Drone  
  20  1:51  Drone  
  21  2:01  Queen x2  
  21  2:02  Zergling x2, Overlord  
  26  2:11  Drone  
  26  2:12  Drone  
  26  2:14  Metabolic Boost  
  28  2:22  Drone x2  
  30  2:34  Drone x2  
  32  2:41  Hatchery  
  31  2:45  Overlord  
  31  2:47  Drone  
  32  2:53  Queen  
  34  3:01  Zergling x2  
  34  3:04  Zergling x2  
  36  3:06  Zergling x2  
  36  3:08  Zergling x2  
  36  3:10  Drone x2  
  36  3:12  Overlord  
  40  3:16  Drone  
  40  3:19  Queen  
  43  3:23  Drone  
  44  3:31  Drone x2  
  44  3:32  Queen  
  48  3:40  Drone x2  
  50  3:48  Drone x2  
  50  3:51  Overlord  
  50  3:53  Queen  
  50  3:54  Drone x3  
  57  4:02  Roach Warren  
  56  4:03  Overlord  
  56  4:07  Drone x2  
  57  4:14  Drone x4, Spore Crawler  
  60  4:18  Overlord  
  60  4:20  Overlord  
  60  4:27  Zergling x4  
  62  4:32  Zergling x8, Spore Crawler  
  64  4:39  Extractor  
  64  4:42  Roach x3  
  64  4:43  Roach x2  
  64  4:44  Roach  
  74  4:48  Roach  
  74  4:49  Roach  
  74  4:50  Zergling x2  
  79  4:54  Spore Crawler  
  79  4:58  Zergling x2, Roach  
  80  5:09  Drone  
  80  5:10  Drone, Overlord x2  
  81  5:18  Overlord  
  81  5:19  Drone  
  81  5:20  Lair  
  82  5:25  Overlord  
  82  5:28  Drone x7  
  82  5:29  Drone x2  
  91  5:37  Evolution Chamber  
  91  5:40  Drone x2  
  92  5:45  Drone x3  
  92  5:49  Extractor, Hatchery  
  93  5:50  Extractor  
  93  5:54  Roach  
  93  5:55  Roach x3  
  101  5:57  Drone x3  
  100  6:12  Drone x6  
  100  6:14  Overlord  
  100  6:15  Overlord  
  100  6:17  Drone  
  100  6:18  Drone  
  108  6:19  Zerg Missile Weapons Level 1  
  108  6:21  Glial Reconstitution, Overlord  
  108  6:26  Extractor  
  108  6:28  Overlord x2  
  108  6:31  Overlord  
  107  6:34  Drone x4  
  111  6:41  Zergling x6  
  111  6:43  Spire  
  111  6:46  Zergling x4  
  111  6:47  Zergling x2, Roach, Hatchery  
  116  6:53  Zergling x6, Roach  
  116  6:54  Extractor  
  119  7:00  Zergling x8  
  123  7:05  Roach x2  
  122  7:17  Roach x3  
  122  7:18  Roach x3  
  122  7:19  Ravager  
  122  7:20  Ravager  
  131  7:30  Roach x6  
  131  7:31  Roach  
  144  7:37  Drone  
  144  7:41  Drone  
  144  7:42  Drone  
  147  7:45  Overlord x2  
  147  7:55  Roach x3  
  147  7:56  Overlord x3  
  151  8:00  Overlord  
  151  8:02  Ravager  
  151  8:04  Roach x4  
  159  8:17  Mutalisk x6  
  169  8:20  Overlord  
  169  8:23  Zerg Melee Weapons Level 1, Hatchery  
  169  8:25  Zergling x10  
  173  8:32  Zerg Flyer Weapons Level 1  
  167  8:41  Drone x2  
  167  8:42  Drone  
  167  8:47  Mutalisk x3  
  173  9:10  Mutalisk x2  
  173  9:11  Zergling x8  
  173  9:12  Zergling x6  
  173  9:14  Overseer  
  184  9:21  Zergling x2  
  184  9:22  Zergling x12  
  191  9:29  Zergling x10, Baneling Nest  
  193  9:35  Extractor  
  191  9:38  Extractor  
  191  9:45  Roach x7  
  178  9:54  Mutalisk x4  
  176  10:02  Drone  
  176  10:03  Drone x6  
  174  10:09  Mutalisk x3  
  174  10:12  Drone  
  173  10:15  Pneumatized Carapace  
  173  10:16  Drone  
  173  10:18  Queen  
  173  10:20  Spore Crawler  
  175  10:27  Zergling x8  
  179  10:35  Mutalisk x3, Hatchery  
  178  10:42  Centrifugal Hooks  
  184  10:47  Drone x2  
  184  10:49  Zergling x14  
  193  10:50  Zergling x6  
  193  10:54  Zerg Flyer Weapons Level 2  
  193  10:55  Zerg Melee Weapons Level 2  
  190  11:06  Zergling x12  
  193  11:18  Drone x5  
  188  11:21  Mutalisk x6  
  198  11:35  Overseer  
  198  11:36  Overlord  
  178  11:47  Extractor  
  178  11:50  Mutalisk x5  
  170  11:55  Mutalisk  
  170  11:56  Zergling x2  
  170  11:57  Zergling x20  
  183  12:05  Extractor  
  183  12:07  Zergling x12  
  183  12:08  Zergling x2  
  178  12:29  Mutalisk x7  
  171  12:31  Zergling x14  
  171  12:36  Mutalisk x2  
  145  12:45  Mutalisk x2  
  145  12:47  Drone x3  
  145  12:50  Hatchery  
  147  12:53  Drone x2  
  149  13:05  Mutalisk x4  
  145  13:11  Zergling x14  
  157  13:21  Mutalisk x4  
  161  13:27  Zergling x10  
  147  13:34  Mutalisk x3  
  147  13:37  Overseer  
  147  13:40  Zergling x6  
  137  13:43  Zergling x2  
  127  13:59  Mutalisk x4  
  127  14:02  Zergling x6  
  127  14:22  Mutalisk x5  
  111  14:31  Mutalisk  
  113  14:40  Overseer  
  110  14:48  Mutalisk x2  
  109  14:55  Drone x7  
  109  14:56  Extractor  
  115  15:02  Baneling x6  
  116  15:07  Drone x2  
Tags
 
Add a new tag
Caveats
  • Supply blocks, unpowered buildings, or Contaminate may cause inaccurate times.
  • Supply counts are checked every 10 seconds.